 Dungeon Crawl Stone Soup version 0.31-a0-1-g4198be8af4 (webtiles) character file.

Game seed: 1369725773827522008

6220 Jarnaxa the Thaumaturge (level 10, -5/50 HPs)
             Began as a Deep Elf Fire Elementalist on May 3, 2023.
             Was an Initiate of Vehumet.
             Slain by an orc knight
             ... wielding a +0 halberd
              (7 damage)
             ... in a bailey.
             The game lasted 00:28:59 (7917 turns).

Jarnaxa the Thaumaturge (DEFE)                      Turns: 7917, Time: 00:29:00

Health: -5/50      AC: 12    Str:  5    XL:     10   Next: 61%
Magic:  23/28      EV: 11    Int: 25    God:    Vehumet [......]
Gold:   697        SH:  3    Dex: 15    Spells: 14/34 levels left

rFire   . . .        v - staff of earth
rCold   . . .        n - +0 buckler
rNeg    . . .        x - +2 robe {Will+}
rPois   .            (no helmet)
rElec   .            z - +2 cloak
rCorr   .            a - +1 pair of gloves
SInv    +            h - +2 pair of boots
Will    ++...        m - amulet of magic regeneration
Stlth   ++           t - ring of see invisible
HPRegen 0.28/turn    (no ring)
MPRegen 0.61/turn

%: no passive effects
@: no status effects
A: no striking features
a: Renounce Religion


You were in a bailey.
You worshipped Vehumet.
Vehumet was noncommittal.
You visited 2 branches of the dungeon, and saw 10 of its levels.
You also visited: Bailey.

You collected 697 gold pieces.

Inventory:

Armour
 a - a +1 pair of gloves (worn)
 h - a +2 pair of boots (worn)
 n - a +0 buckler (worn)
 x - a +2 robe of willpower (worn)
 z - a +2 cloak (worn)
Magical Staves
 v - a staff of earth (weapon)
Jewellery
 m - an amulet of magic regeneration (around neck)
 t - a ring of see invisible (left hand)
Wands
 i - a wand of digging (4)
 p - a wand of flame (18)
 A - a wand of mindburst (2)
 C - a wand of iceblast (3)
Scrolls
 c - a scroll of blinking
 g - 3 scrolls of amnesia
 s - 2 scrolls of enchant weapon
 u - a scroll of teleportation
Potions
 b - 3 potions of magic
 e - 3 potions of curing
 f - 4 potions of heal wounds
 k - 3 potions of invisibility {unknown}
 l - 7 potions of might
 q - 3 potions of cancellation {unknown}
 r - a potion of resistance {unknown}
 w - a potion of flight {unknown}


   Skills:
 - Level 2.5 Dodging
 - Level 2.5 Stealth
 + Level 12.7 Spellcasting
 * Level 9.4 Conjurations
 + Level 0.6 Hexes
 + Level 1.5 Translocations
 + Level 10.8 Fire Magic
 + Level 0.9 Earth Magic
 + Level 1.5 Evocations


You had 14 spell levels left.
You knew the following spells:

 Your Spells              Type           Power      Damage    Failure   Level
a - Foxfire               Conj/Fire      100%       2x1d9     1%          1
b - Scorch                Fire           100%       2d9       1%          2
c - Inner Flame           Hex/Fire       44%        N/A       1%          3
d - Volatile Blastmotes   Fire/Tloc      92%        2d17      1%          3
e - Flame Wave            Conj/Fire      61%        2d14      1%          4
f - Sticky Flame          Conj/Fire      61%        2d8       1%          4
g - Stone Arrow           Conj/Erth      100%       3d13      2%          3

Your spell library contained the following spells:

 Spells                   Type           Power      Damage    Failure   Level
 Sandblast                Erth           62%        2d14      4%          1
 Passwall                 Tmut/Erth      22%        N/A       9%          2
 Cause Fear               Hex            9%         N/A       50%         4
 Anguish                  Hex/Necr       8%         N/A       54%         4
 Enfeeble                 Hex            9%         N/A       100%        7


Dungeon Overview and Level Annotations

Branches:
Dungeon (9/15)             Temple (1/1) D:5          Bailey (1/1)
   Lair: D:8-11         Orc: D:9-12

Altars:
Ashenzari
Cheibriados
Dithmenos
Elyvilon
Gozag
Hepliaklqana
Kikubaaqudgha
Makhleb
Nemelex Xobeh
Okawaru
Qazlal
Ru
Sif Muna
Trog
Uskayaw
Vehumet
Wu Jian
Xom
Yredelemnul
Zin
The Shining One
Lugonu

Shops:
D:3 (


Message History

The orc knight is almost dead.
The iceblast engulfs the orc knight!
The orc knight is lightly wounded.
The orc knight hits you from afar with a +0 halberd.
Aiming: Iceblast
Press: ? - help, Q - select action, (/) - cycle Shift-Dir - straight line, f - orc knight
Aim: an orc knight, wielding a +0 halberd and wearing a +0 scale mail (lightly wounded, strong)
The mass of ice explodes!
The iceblast engulfs the orc knight!
The orc knight is moderately wounded.
The iceblast engulfs the orc knight.
The orc knight is almost dead.
The orc knight closely misses you.
Saving game... please wait.
Welcome back, Jarnaxa the Deep Elf Fire Elementalist.
Vehumet says: Let it end in hellfire!
Press ? for a list of commands and other information.
Cast which spell? (? or * to list)
Casting: Flame Wave (dangerous; 1% risk of failure)
Press: ? - help, Dir - look around, f - activate A wave of flame ripples out! (Press . to intensify the flame waves.)
The orc knight closely misses you.
The orc knight hits you from afar with a +0 halberd!!
A wave of flame ripples out!
The flame wave engulfs the orc knight!
The orc knight is heavily wounded.
The flame wave engulfs the orc knight!
You kill the orc knight!
Vehumet accepts your kill.
The orc knight no longer looks unusually strong.
The orc knight hits you from afar with a +0 halberd.
* * * LOW HITPOINT WARNING * * *
A wave of flame ripples out!
The flame wave engulfs the orc knight!
The orc knight is heavily wounded.
The flame wave engulfs the orc warrior!
The orc warrior is moderately wounded.
You finish channelling waves of flame.
The orc warrior hits you from afar with a +0 trident!
* * * LOW HITPOINT WARNING * * *
The orc knight hits you from afar with a +0 halberd!
You die...

####### #####
##..)))#########.....
####...))..#.....#......
...#..##)..'.....'..#)..
...'..8))).'....@'o..)[.
...#..##...'.!...'o)#...
####.......#.....#..)...
##.....#########.....
####### #####


You could see an orc knight and an orc warrior (strong).

Vanquished Creatures
  2 orc knights (Bailey)
  Pikel (D:8)
  Joseph (D:8)
  Prince Ribbit (D:8)
  Eustachio (D:5)
  2 steam dragons (D:6)
  2 water moccasins (D:8)
  8 orc warriors
  2 sky beasts (D:6)
  An ice beast (D:7)
  3 centaurs
  An ogre (D:5)
  4 lemures (D:8)
  2 phantoms
  A kobold brigand (D:6)
  8 bullfrogs
  3 scorpions
  12 wights
  6 howler monkeys
  3 hounds
  Crazy Yiuf (D:4)
  An orc priest (D:3)
  Ijyb (D:5)
  2 gnoll boudas
  An iguana (D:5)
  A sleepcap (D:8)
  An orc wizard (D:3)
  A statue (D:8)
  7 adders
  11 gnolls
  3 ufetubi
  4 worms
  2 dart slugs
  43 orcs
  2 bats (D:1)
  7 endoplasms
  4 giant cockroaches
  10 goblins
  3 hobgoblins
  7 jackals (D:1)
  8 kobolds
  2 quokkas
  9 ball pythons
  3 frilled lizards
  5 rats (D:1)
203 creatures vanquished.

Vanquished Creatures (collateral kills)
  3 foxfires (D:6)
3 creatures vanquished.

Vanquished Creatures (others)
  772 foxfires
  13 fungi (D:6)
785 creatures vanquished.

Grand Total: 991 creatures vanquished

Notes
Turn   | Place    | Note
-------+----------+-------------------------------------------
     0 | D:1      | Jarnaxa the Deep Elf Fire Elementalist began the quest for
                  | the Orb.
     0 | D:1      | Reached XP level 1. HP: 10/10 MP: 6/6
    97 | D:1      | Reached XP level 2. HP: 12/15 MP: 0/8
   849 | D:1      | Reached XP level 3. HP: 19/19 MP: 6/9
  1606 | D:2      | Learned a level 2 spell: Scorch
  1610 | D:2      | Learned a level 3 spell: Inner Flame
  1614 | D:2      | Learned a level 3 spell: Volatile Blastmotes
  1685 | D:3      | Reached XP level 4. HP: 24/24 MP: 8/11
  1909 | D:3      | Reached skill level 4 in Spellcasting
  1917 | D:3      | Found a faded altar of an unknown god.
  2044 | D:3      | Reached XP level 5. HP: 14/28 MP: 10/13
  2134 | D:3      | Found Qes Cug's Weapon Shoppe.
  2145 | D:3      | Noticed a +0 falchion
  2146 | D:3      | Noticed a +0 falchion
  2146 | D:3      | Noticed a +0 short sword
  2147 | D:3      | Noticed a +0 spear
  2147 | D:3      | Noticed a +0 short sword
  2149 | D:3      | Noticed a +0 dagger
  2149 | D:3      | Noticed a +0 spear
  2149 | D:3      | Noticed a +0 dagger
  2177 | D:3      | Found a hide-covered altar of Uskayaw.
  2587 | D:3      | Learned a level 4 spell: Flame Wave
  2723 | D:4      | Reached skill level 5 in Spellcasting
  2755 | D:4      | Reached XP level 6. HP: 21/32 MP: 12/15
  2891 | D:4      | Found a runed translucent door.
  2892 | D:4      | Noticed Crazy Yiuf
  2969 | D:4      | Reached skill level 5 in Fire Magic
  3025 | D:4      | Found a glowing silver altar of Zin.
  3025 | D:4      | Noticed an angel
  3065 | D:4      | Found a shimmering altar of Xom.
  3331 | D:4      | Found a hazy altar of Hepliaklqana.
  3331 | D:4      | Found an iron altar of Okawaru.
  3331 | D:4      | Found a sacrificial altar of Ru.
  3369 | D:4      | Found an ornate altar of the Wu Jian Council.
  3375 | D:4      | Noticed a spectral centipede
  3375 | D:4      | Noticed a spectral black mamba
  3375 | D:4      | Noticed a spectral cane toad
  3425 | D:4      | Killed Crazy Yiuf
  3525 | D:5      | Entered Level 5 of the Dungeon
  3526 | D:5      | Noticed Eustachio
  3531 | D:5      | Killed Eustachio
  3532 | D:5      | Reached skill level 5 in Conjurations
  3614 | D:5      | Reached skill level 6 in Spellcasting
  3614 | D:5      | Reached XP level 7. HP: 36/36 MP: 7/18
  3772 | D:5      | Found a staircase to the Ecumenical Temple.
  3781 | Temple   | Entered the Ecumenical Temple
  4055 | D:5      | Noticed Ijyb
  4062 | D:5      | Killed Ijyb
  4271 | D:6      | Reached skill level 7 in Spellcasting
  4301 | D:6      | Reached XP level 8. HP: 41/41 MP: 18/21
  4578 | D:6      | Reached skill level 8 in Spellcasting
  4874 | D:6      | Reached skill level 1 in Translocations
  5224 | D:6      | Reached skill level 9 in Spellcasting
  5416 | D:7      | Reached XP level 9. HP: 45/45 MP: 22/24
  5476 | D:7      | Noticed a two-headed ogre
  5476 | D:7      | Noticed a troll
  5477 | D:7      | Noticed a deep elf pyromancer
  6057 | D:7      | Identified the +2 flail "Diejin" {drain, Dex+2}
  6244 | D:8      | Reached skill level 10 in Spellcasting
  6550 | D:8      | Noticed Pikel
  6565 | D:8      | Killed Pikel
  6566 | D:8      | Reached skill level 11 in Spellcasting
  6648 | D:8      | Noticed Prince Ribbit
  6667 | D:8      | Killed Prince Ribbit
  6836 | D:8      | Reached XP level 10. HP: 35/50 MP: 18/27
  7143 | D:8      | Found a white marble altar of Elyvilon.
  7144 | D:8      | Noticed Joseph
  7158 | D:8      | Killed Joseph
  7159 | D:8      | Reached skill level 10 in Fire Magic
  7223 | D:8      | Found an opulent altar of Gozag.
  7322 | D:8      | Found a radiant altar of Vehumet.
  7336 | D:8      | Became a worshipper of Vehumet
  7519 | D:8      | Learned a level 4 spell: Sticky Flame
  7601 | D:9      | Found a basalt altar of Yredelemnul.
  7663 | D:9      | Found a glowing golden altar of the Shining One.
  7698 | D:9      | Learned a level 3 spell: Stone Arrow
  7699 | D:9      | Found a flagged portal.
  7711 | Bailey   | Entered a bailey
  7750 | Bailey   | Reached skill level 12 in Spellcasting
  7892 | Bailey   | Noticed an orc knight
  7901 | Bailey   | Noticed an orc knight
  7904 | Bailey   | Killed an orc knight
  7908 | Bailey   | Noticed an orc knight
  7911 | Bailey   | Reached skill level 1 in Evocations
  7916 | Bailey   | Killed an orc knight
  7917 | Bailey   | HP: 2/50 [orc warrior/+0 trident (9)]
  7917 | Bailey   | Slain by an orc knight

Illustrated notes

Levels and vault maps discovered:
D:1:      lightli_arrival_quake, layout_basic
D:2:      layout_rooms, eino_tiny_chamber, grunt_ministairs_2
D:3:      layout_basic, nicolae_uskayaw_en_pointe,
          hellmonk_ecumenical_altar_zigzags, serial_shops,
          nicolae_shop_just_a_little_nook, nicolae_wormholes
D:4:      layout_basic, gammafunk_temple_overflow_claw, zin_angel,
          pdpol_wu_jian_five_deadly_venoms, mainiacjoe_overflow_boulevard,
          uniq_crazy_yiuf_cottage
D:5:      layout_basic, lemuel_temple_firewalk_b, uniq_eustachio, uniq_ijyb
D:6:      kennysheep_steamy, layout_loops_cross, amcnicky_mini_pool_small
D:7:      layout_loops_ring, kennysheep_small_spiral, lightli_corner_chamber
D:8:      layout_cave_pools, vehumet_statue, nicolae_overflow_crystal_walls,
          grunt_gozag_statues, uniq_joseph, uniq_pikel, uniq_prince_ribbit1
D:9:      layout_irregular_city, kennysheep_mini, tso_oasis_becter,
          enter_bailey_5
Temple:   corrupted_temple
Bailey:   bailey_polearm_5, bailey

Skill      XL: |  1  2  3  4  5  6  7  8  9 10 |
---------------+-------------------------------+-----
Fire Magic     | 4 5 6 8 9 10 | 10.8
Conjurations   | 2 3 4 5 6 7 8 9 |  9.4
Spellcasting   | 4 5 6 7 9 11 12 | 12.7
Translocations | 1 |  1.5
Evocations     | 1 |  1.5
Dodging        | |  2.5
Stealth        | |  2.5
Hexes          | |  0.6
Earth Magic    | |  0.9

Action                     |  1- 3 |  4- 6 |  7- 9 | 10-12 || total
---------------------------+-------+-------+-------+-------++-------
  Melee: Unarmed           |     1 |       |       |       ||     1
   Cast: Foxfire           |   111 |   151 |   176 |    26 ||   464
         Scorch            |       |     8 |    51 |    26 ||    85
         Volatile Blastmot |       |       |     8 |     1 ||     9
         Flame Wave        |       |       |     4 |     3 ||     7
         Stone Arrow       |       |       |       |     8 ||     8
         Inner Flame       |       |       |       |     2 ||     2
         Sticky Flame      |       |       |       |     1 ||     1
  Evoke: Wand              |       |       |     3 |    17 ||    20
    Use: Scroll            |       |     1 |    11 |     8 ||    20
         Potion            |       |       |     1 |     4 ||     5
   Stab: Sleeping          |     1 |       |       |       ||     1
 Armour: Robe              |    10 |     4 |    12 |     7 ||    33
  Dodge: Dodged            |    19 |    18 |    18 |    15 ||    70
  Block: Buckler           |       |     5 |     8 |     4 ||    17

Table legend: (Time is in decaauts)
 A = Elapsed time spent in this place.
 B = Non-inter-level travel time spent in this place.
 C = Inter-level travel time spent in this place.
 D = Time resting spent in this place.
 E = Time spent auto-exploring this place.
 F = Levels seen in this place.
 G = Mean time per level.
                   A        B        C        D        E       F      G
               +--------+--------+--------+--------+--------+-----+--------+
         Total |   7895 |   7619 |    276 |    701 |   5157 |  11 |  717.7 |
       Dungeon |   7659 |   7383 |    276 |    640 |   5133 |   9 |  851.0 |
        Temple |     49 |     49 |      0 |      0 |     24 |   1 |   49.0 |
        Bailey |    186 |    186 |      0 |     61 |      0 |   1 |  186.0 |
               +--------+--------+--------+--------+--------+-----+--------+

Top non-repeatable levels by time:
     D:8: 1284 daAuts
     D:6: 1136 daAuts
     D:3: 988 daAuts
     D:1: 953 daAuts
     D:4: 920 daAuts
     D:7: 856 daAuts
     D:5: 667 daAuts
     D:2: 661 daAuts
     D:9: 191 daAuts
  Bailey: 186 daAuts
  Temple: 49 daAuts
